 Dungeon Crawl Stone Soup version 0.16.0-17-g811c1d7 (webtiles) character file.

279213 HungrySpirit the Fencer (level 20, -6/216 HPs)
             Began as a Vampire Skald on Mar 20, 2015.
             Was the Champion of Makhleb.
             Mangled by a merfolk impaler
             ... wielding a +2 demon trident of flaming
              (12 damage)
             ... on level 5 of the Shoals on Mar 21, 2015.
             The game lasted 03:01:59 (37937 turns).

HungrySpirit the Fencer (Vampire Skald)            Turns: 37937, Time: 03:01:59

Health: -6/216     AC: 33    Str: 22      XL:     20   Next: 3%
Magic:  24/24      EV: 15    Int: 12 (14) God:    Makhleb [******]
Gold:   584        SH: 13    Dex: 16      Spells: 3 memorised, 15 levels left

rFire  + . .     SeeInvis +     a - +3 scimitar (elec)
rCold  + . .     Clarity  +     A - +7 chain mail "Judaerea" {rElec rPois MR+}
rNeg   . . .     SustAb   .     W - +0 shield {reflect}
rPois  +         Gourm    .     O - +2 hat
rElec  +         Spirit   .     q - +0 cloak
rCorr  .         Warding  .     s - +2 pair of gloves {Dex+3}
rMut   .         Stasis   .     d - +2 pair of boots of the Assassin {Stlth++}
MR     +++..                    Y - amulet of clarity
Stlth  ..........               I - ring of protection from fire
                                p - ring of protection from cold

@: berserking (expiring), lethally poisoned (-6 -> -10), regenerating quickly,
studying Dodging, very quick, extremely resistant to hostile enchantments,
extremely unstealthy
A: bottle blood, fangs 3, talons 1, yellow scales 1, see invisible, frail 1,
unbreathing
a: Minor Destruction, Lesser Servant of Makhleb, Major Destruction, Greater
Servant of Makhleb, Renounce Religion
}: 1/15 runes: gossamer


You were on level 5 of the Shoals.
You worshipped Makhleb.
Makhleb was exalted by your worship.
You were very full.

You visited 8 branches of the dungeon, and saw 41 of its levels.
You visited the Abyss 2 times.
You also visited: Ossuary, Bailey, Ice Cave, Volcano and Wizlab.

You collected 3782 gold pieces.
You spent 3144 gold pieces at shops.

Inventory:

Hand weapons
 a - a +3 scimitar of electrocution (weapon)
 E - a +2 long sword of flaming
Armour
 d - the +2 pair of boots of the Assassin (worn) {Stlth++}
   (You acquired it on level 1 of the Vaults)

   It makes you much more stealthy.
 q - a +0 cloak (worn)
 s - a +2 pair of gloves of dexterity (worn)
 A - the +7 chain mail "Judaerea" (worn) {rElec rPois MR+}
   (You bought it in a shop on level 3 of the Orcish Mines)

   It insulates you from electricity.
   It protects you from poison.
   It affects your resistance to hostile enchantments.
 O - a +2 hat (worn)
 W - a +0 shield of reflection (worn)
Jewellery
 c - an uncursed ring of positive energy
 p - a ring of protection from cold (left hand)
 t - a +5 ring of protection
 z - an uncursed ring of fire
 D - an uncursed ring of protection from magic
 G - a cursed ring of teleport control
 I - a ring of protection from fire (right hand)
 K - an uncursed ring of flight
 Y - an amulet of clarity (around neck)
 Z - an uncursed amulet of resist corrosion
Magical devices
 e - a wand of teleportation (3)
 w - a wand of invisibility (0)
 y - a wand of digging (3)
 Q - a wand of teleportation (0)
Scrolls
 f - 11 scrolls of teleportation
 g - a scroll of blinking
 j - 2 scrolls of vulnerability
 l - 18 scrolls of identify
 n - 6 scrolls of enchant weapon
 u - a scroll of immolation
 J - 9 scrolls of remove curse
 M - a scroll of brand weapon
 R - 3 scrolls of silence
 S - 6 scrolls of enchant armour
 U - 6 scrolls of fear
 V - a scroll of fog
Potions
 b - 6 potions of resistance
 h - 3 potions of mutation
 i - 2 potions of brilliance
 o - 2 potions of lignification
 r - 5 potions of cancellation
 x - 2 potions of berserk rage
 C - 2 potions of restore abilities
 F - 5 potions of curing
 P - 3 potions of magic
Books
 k - a manual of Dodging
Miscellaneous
 L - a stone of tremors (inert)
 T - a legendary deck of defence {the Alchemist, drawn: 4}


   Skills:
 + Level 14.3 Fighting
   Level 10.1(16.1) Short Blades
 * Level 18.5(19.2) Long Blades
 + Level 15.0 Armour
 + Level 11.7 Dodging
 + Level 12.0 Shields
 - Level 2.0 Spellcasting
 - Level 3.2 Charms


You had 15 spell levels left.
You knew the following spells:

 Your Spells              Type           Power        Failure   Level  Hunger
a - Flight                Chrm/Air       #.........   100%        3    ####...
b - Repel Missiles        Chrm/Air       #.....       97%         2    ###....
c - Regeneration          Chrm/Necr      #.........   100%        3    ####...


Dungeon Overview and Level Annotations

Branches:
Dungeon (15/15)            Temple (1/1) D:5            Lair (8/8) D:9
 Shoals (5/5) Lair:4       Spider (5/5) Lair:6        Slime (0/6) Lair:7
    Orc (4/4) D:10            Elf (0/3) Orc:3        Vaults (2/5) D:14
 Depths (1/5) D:15
  Crypt: Vaults:2-3

Altars:
Ashenzari
Cheibriados
Dithmenos
Elyvilon
Fedhas
Gozag
Kikubaaqudgha
Makhleb
Nemelex Xobeh
Okawaru
Qazlal
Ru
Sif Muna
Trog
Vehumet
Xom
Yredelemnul
Zin
The Shining One
Beogh

Shops:
D:5 =   D:13 (   D:14 *(?(=   D:15 *   Orc:2 ?   Orc:3 [   Orc:4 *(:[

Portals:
Hell: Depths:1
Abyss: Depths:1
Ziggurat: Depths:1

Annotations:
Lair:7 exclusion: oklob plant
Depths:1 Sojobo, Wiglaf


Innate Abilities, Weirdness & Mutations

Your natural rate of healing is unusually fast.
You can bottle blood from corpses.
You have razor-sharp teeth.
You have supernaturally acute eyesight.
You can survive without breathing.
You have sharp toenails.
You are partially covered in yellow scales (AC +2).
You are frail (-10% HP).


Message History

You are unaffected.
The merfolk impaler hits you with a trident of piercing!
* * * LOW HITPOINT WARNING * * *
x2 The merfolk impaler hits you but does no damage.
The merfolk javelineer throws a javelin.
You reflect the javelin off your +0 shield of reflection!
The javelin barely misses the merfolk javelineer.
The javelin hits the merfolk impaler!
The satyr shoots a sling bullet of flame.
The sling bullet of flame hits your earth elemental!
Unknown command.
Unknown command.
You are too berserk!
You are too berserk!
You are too berserk!
You slice the merfolk impaler!!!
The merfolk impaler is heavily wounded.
You feel sick.
The merfolk impaler hits you with a demon trident of flaming!
You die...

≈...(≈≈≈(...≈..≈≈≈
≈≈≈≈≈c≈≈≈≈....≈.≈≈≈
≈≈≈≈≈≈≈≈≈≈....≈.≈≈≈≈≈
≈≈≈≈≈≈≈≈≈≈≈.....≈≈≈≈≈≈
≈≈≈≈≈≈≈≈≈≈≈≈.....≈≈≈≈≈≈
≈≈.≈≈≈≈≈≈≈≈......≈≈≈≈≈≈
≈≈...≈...≈.(......≈≈≈≈≈
..$....)..##E(#..≈≈≈≈≈≈
.........##m@mm#..≈≈≈≈≈
≈.........#.)m≈≈#..≈≈≈≈
.....#†..#..φ≈≈#.≈≈≈≈≈≈
...##.....≈≈≈≈#≈≈≈≈≈≈≈≈
...#....##....#≈≈≈≈≈≈≈≈
≈.....≈......##m≈≈≈≈≈≈≈≈
......≈≈.≈≈≈≈≈.≈≈≈≈≈≈≈≈≈≈
.........≈≈≈≈≈≈≈≈≈≈≈≈≈≈≈≈
≈............≈.≈≈≈≈≈≈≈≈≈≈.#


You could see a merfolk avatar, 3 merfolk impalers, a merfolk javelineer, a
satyr and a friendly earth elemental.

Vanquished Creatures
  Saint Roka (Orc:4)
  An Ice Fiend (IceCv)
  An octopode crusher (Shoals:4)
  Agnes (Spider:1)
  A draconian monk (WizLab)
  A fire giant (Depths:1)
  Donald (Spider:3)
  2 orc warlords (Orc:3)
  2 vault wardens (Vaults:1)
  4 ghost moths
  Louise (Spider:2)
  5 emperor scorpions
  Gastronok (D:12)
  3 ironheart preservers
  4 stone giants
  2 very ugly things (Depths:1)
  An ettin (Depths:1)
  Snorg (Lair:6)
  2 merfolk javelineers
  5 vault guards
  3 merfolk impalers
  An orange crystal statue (WizLab)
  2 great orbs of eyes (Depths:1)
  A minotaur (Depths:1)
  Josephine (D:12)
  2 fire dragons (Depths:1)
  A yaktaur captain (Vaults:1)
  2 ice dragons (D:15)
  12 hydras
  Fannar (D:12)
  2 rakshasas (Depths:1)
  2 spriggan air magi (Depths:1)
  4 ogre magi
  A catoblepas (Depths:1)
  4 merfolk aquamancers
  A merfolk avatar (Shoals:5)
  A satyr (Shoals:3)
  6 centaur warriors
  A deep troll shaman (Depths:1)
  2 orc high priests
  3 tengu warriors
  A spriggan berserker (Depths:1)
  Urug (Orc:4)
  A deep elf knight (Bailey)
  Nergalle (Orc:3)
  Erolcha (D:12)
  8 skeletal warriors
  A wretched star (Abyss:1)
  4 unseen horrors
  5 sea snakes
  A wizard (Depths:1)
  A fire crab (Vaults:1)
  2 deep trolls (WizLab)
  5 ice devils (IceCv)
  2 giant orange brains (Vaults:1)
  A flayed ghost (Vaults:2)
  An ice statue (IceCv)
  6 hill giants
  19 orb spiders
  17 harpies
  2 ironbrand convokers (Vaults:2)
  12 orc knights
  6 hornets
  7 griffons
  29 wolf spiders
  A moth of wrath (Spider:5)
  An oklob plant (Lair:4)
  8 fauns
  4 water nymphs
  9 cyclopes
  4 manticores
  9 orc sorcerers
  6 ugly things
  2 vault sentinels (Vaults:1)
  A smoke demon (Vaults:1)
  A spiny frog (shapeshifter) (D:15)
  9 elephants
  8 sirens
  Joseph (D:10)
  7 black mambas
  3 torpor snails
  A guardian serpent (shapeshifter) (D:15)
  5 spectral swamp worms (Depths:1)
  2 gargoyles (D:15)
  16 spiny frogs
  3 anaconda simulacra (IceCv)
  An efreet (D:14)
  12 yaktaurs
  3 tengu conjurers
  8 komodo dragons
  A deep elf priest (Vaults:2)
  10 demonic crawlers
  A fire drake (Lair:6)
  A golden dragon simulacrum (IceCv)
  A redback zombie (D:13)
  2 human zombies (D:14)
  A fire drake (shapeshifter) (D:15)
  4 freezing wraiths
  A spriggan druid (Lair:7)
  18 merfolk
  A queen bee (Spider:4)
  8 trolls
  An ancient zyme (Abyss:1)
  A two-headed ogre (shapeshifter) (Vaults:1)
  A polar bear (Lair:7)
  2 harpy zombies
  A wolf spider simulacrum (IceCv)
  26 jumping spiders
  7 giant leeches (Lair:8)
  A polar bear (shapeshifter) (D:13)
  11 slime creatures
  5 two-headed ogres
  2 boulder beetles
  3 wind drakes
  A fire vortex (Lair:3)
  9 ravens
  32 trapdoor spiders
  2 centaur simulacra
  2 snapping turtles
  55 yaks
  A dire elephant simulacrum (IceCv)
  26 tarantellas
  49 redbacks
  2 shadows
  2 wyverns
  2 basilisks (D:15)
  4 water elementals
  5 wraiths
  6 fire bats (Lair:3)
  7 deep elf magi
  8 hungry ghosts
  A human (D:7)
  Eustachio (D:10)
  Grum (D:11)
  7 deep elf fighters
  A death yak simulacrum (IceCv)
  A hog (D:7)
  11 hippogriffs
  2 mottled dragons
  12 water moccasins
  Menkaure (D:4)
  27 wolves
  4 harpy simulacra (IceCv)
  4 iron troll simulacra (IceCv)
  11 vampire mosquitoes
  A hydra simulacrum (IceCv)
  4 wargs
  An alligator simulacrum (IceCv)
  3 black bears
  6 sky beasts
  48 orc warriors
  11 porcupines
  A swamp drake (Orc:2)
  3 wasps
  20 spiders
  A necrophage (D:12)
  5 ice beasts
  An ettin simulacrum (IceCv)
  20 ogres
  A boggart (Vaults:1)
  5 boring beetles
  A boring beetle (shapeshifter) (Vaults:1)
  4 phantoms
  Sigmund (D:4)
  3 big kobolds
  10 crocodiles
  3 centaurs
  41 giant frogs
  Blork the orc (Orc:2)
  A cyclops zombie (D:14)
  An earth elemental (D:15)
  2 wyvern zombies
  A small abomination (Abyss:1)
  10 scorpions
  29 killer bees
  2 troll zombies (D:10)
  A tengu zombie (D:14)
  30 wights
  8 electric eels
  11 crimson imps
  3 draconian simulacra (IceCv)
  2 giant frog zombies
  13 hounds
  A giant frog skeleton (D:9)
  42 orc priests
  A wasp zombie (D:14)
  6 goliath beetles
  10 worker ants
  6 jellies
  2 quasits
  Crazy Yiuf (D:2)
  7 iguanas
  4 centaur zombies
  An iron imp (Orc:2)
  4 centaur skeletons
  A gnoll shaman (D:8)
  31 orc wizards
  A polar bear simulacrum (IceCv)
  A spriggan simulacrum (IceCv)
  2 hell rats (Depths:1)
  A wolf simulacrum (IceCv)
  23 sheep
  7 troll simulacra (IceCv)
  6 ogre zombies (D:10)
  Ijyb (D:4)
  A hound zombie (D:9)
  Terence (D:3)
  2 hound skeletons (D:6)
  14 mummies (Ossuary)
  Robin (D:2)
  14 gnolls
  A worker ant zombie (D:10)
  33 river rats
  28 adders
  2 shadow imps
  5 giant mites
  2 naga simulacra (IceCv)
  4 white imps
  4 worms
  5 ufetubi
  An adder zombie (D:9)
  8 giant geckos
  218 orcs
  3 ball pythons
  14 bats
  A bat skeleton (D:4)
  A bat zombie (D:6)
  3 giant cockroaches
  22 hobgoblins
  7 jackals
  24 kobolds
  13 quokkas
  4 giant newts
  3 gnoll skeletons (Ossuary)
  31 goblins
  6 goblin skeletons
  2 goblin zombies (D:10)
  2 hobgoblin skeletons (D:10)
  4 hobgoblin zombies (D:10)
  2 kobold skeletons (Ossuary)
  6 orc skeletons
  11 orc zombies (D:10)
  19 rats
  11 rat skeletons (Ossuary)
  A ballistomycete (D:10)
  3 plants (Shoals:4)
1764 creatures vanquished.

Vanquished Creatures (collateral kills)
  The ghost of Elizilla the Brawler, a powerful TrMo of Dithmenos (Spider:1)
  A hydra (Lair:3)
  An orc wizard (Orc:4)
  A river rat (Lair:3)
4 creatures vanquished.

Vanquished Creatures (others)
  Ilsuiw (Shoals:5)
  A merfolk javelineer (Shoals:5)
  An unseen horror (D:15)
  A wolf spider (Spider:1)
  7 drowned souls (Shoals:5)
  A yaktaur (Vaults:2)
  A jumping spider (Spider:1)
  2 water moccasins (Lair:3)
  A centaur (Shoals:5)
  An earth elemental (Spider:5)
  A hound (Lair:3)
  An orc (Vaults:1)
  2 jackals (D:9)
  A giant spore (D:10)
  4 kobolds
  A quokka (Lair:3)
  A fungus (Lair:4)
  A plant (Lair:8)
  5 toadstools (D:1)
34 creatures vanquished.

Grand Total: 1802 creatures vanquished

Notes
Turn   | Place    | Note
--------------------------------------------------------------
     0 | D:1      | HungrySpirit, the Vampire Skald, began the quest for the Orb.
     0 | D:1      | Reached XP level 1. HP: 16/16 MP: 3/3
   208 | D:1      | Reached XP level 2. HP: 19/22 MP: 4/4
   417 | D:1      | Reached XP level 3. HP: 25/27 MP: 6/6
   858 | D:2      | Found a blossoming altar of Fedhas.
   871 | D:2      | Reached skill level 4 in Short Blades
   885 | D:2      | Noticed Robin
   904 | D:2      | Killed Robin
   909 | D:2      | Reached XP level 4. HP: 23/34 MP: 7/7
  1330 | D:2      | Found a glowing golden altar of the Shining One.
  1511 | D:2      | Noticed Crazy Yiuf
  1525 | D:2      | Killed Crazy Yiuf
  1525 | D:2      | Reached skill level 5 in Short Blades
  1685 | D:2      | Reached XP level 5. HP: 40/40 MP: 9/9
  2035 | D:3      | Noticed Terence
  2044 | D:3      | Killed Terence
  2066 | D:3      | Noticed a black bear
  2088 | D:3      | Killed a black bear
  2088 | D:3      | Reached skill level 6 in Short Blades
  2088 | D:3      | Reached XP level 6. HP: 35/47 MP: 10/10
  2482 | D:4      | Noticed Sigmund
  2495 | D:4      | Killed Sigmund
  2550 | D:4      | Reached skill level 7 in Short Blades
  2583 | D:4      | Reached XP level 7. HP: 25/54 MP: 12/12
  2890 | D:4      | Reached skill level 8 in Short Blades
  3180 | D:4      | Noticed Menkaure
  3186 | D:4      | Noticed Ijyb
  3189 | D:4      | Killed Menkaure
  3189 | D:4      | Reached skill level 5 in Fighting
  3189 | D:4      | Reached skill level 9 in Short Blades
  3189 | D:4      | Reached XP level 8. HP: 44/62 MP: 13/13
  3222 | D:4      | Killed Ijyb
  3544 | D:4      | Noticed an angel
  3545 | D:4      | Found a glowing silver altar of Zin.
  3679 | D:5      | Entered Level 5 of the Dungeon
  4150 | D:5      | Found a staircase to the Ecumenical Temple.
  4170 | Temple   | Entered the Ecumenical Temple
  4213 | Temple   | Became a worshipper of Makhleb the Destroyer
  4472 | D:5      | Found Saxziac's Jewellery Boutique.
  4513 | D:5      | Reached skill level 10 in Short Blades
  4698 | D:6      | Found a shimmering altar of Xom.
  4716 | D:6      | Reached skill level 1 in Armour
  4941 | D:6      | Reached skill level 1 in Long Blades
  4982 | D:6      | Acquired Makhleb's first power
  5054 | D:6      | Noticed a moth of wrath
  5056 | D:6      | Found a bloodstained altar of Trog.
  5171 | D:6      | Reached XP level 9. HP: 44/69 MP: 14/14
  5311 | D:6      | Acquired Makhleb's second power
  5499 | D:6      | Found a deep blue altar of Sif Muna.
  5774 | D:7      | Found a sand-covered staircase.
  5820 | Ossuary  | Entered an ossuary
  5893 | Ossuary  | Acquired Makhleb's third power
  6372 | D:7      | Reached skill level 5 in Armour
  6494 | D:7      | Found a shattered altar of Ashenzari.
  6494 | D:7      | Found a basalt altar of Yredelemnul.
  6833 | D:7      | Reached XP level 10. HP: 74/79 MP: 16/16
  7032 | D:7      | Acquired Makhleb's fourth power
  7285 | D:8      | Reached skill level 5 in Long Blades
  7398 | D:8      | Found a shadowy altar of Dithmenos.
  7525 | D:8      | Found a sacrificial altar of Ru.
  8080 | D:9      | Found an ancient bone altar of Kikubaaqudgha.
  8132 | D:9      | Acquired Makhleb's fifth power
  8163 | D:9      | Found a staircase to the Lair.
  8169 | D:9      | Gained mutation: Your magical capacity is low (-10% MP). [potion of mutation]
  8169 | D:9      | Gained mutation: You are frail (-10% HP). [potion of mutation]
  8169 | D:9      | Gained mutation: You are partially covered in yellow scales (AC +2). [potion of mutation]
  8224 | D:9      | Gained mutation: You have large cloven feet. [potion of beneficial mutation]
  8316 | D:9      | Found a sparkling altar of Nemelex Xobeh.
  8631 | D:9      | Reached XP level 11. HP: 69/77 MP: 15/15
  8854 | D:10     | Entered Level 10 of the Dungeon
  8869 | D:10     | Noticed Joseph
  8878 | D:10     | Killed Joseph
  8908 | D:10     | Found a flagged portal.
  8917 | Bailey   | Entered a bailey
  9058 | Bailey   | Noticed a deep elf knight
  9075 | Bailey   | Killed a deep elf knight
  9190 | D:10     | Found a staircase to the Orcish Mines.
  9731 | D:10     | Noticed Eustachio
  9741 | D:10     | Killed Eustachio
 10315 | D:11     | Noticed Grum
 10330 | D:11     | Killed Grum
 10608 | D:11     | Reached skill level 10 in Armour
 10760 | D:11     | Noticed a skeletal warrior
 10766 | D:11     | Noticed a skeletal warrior
 10769 | D:11     | Noticed a skeletal warrior
 10770 | D:11     | Killed a skeletal warrior
 10770 | D:11     | Reached XP level 12. HP: 86/86 MP: 16/16
 10781 | D:11     | Killed a skeletal warrior
 10790 | D:11     | Killed a skeletal warrior
 10868 | D:11     | Noticed a skeletal warrior
 10880 | D:11     | Killed a skeletal warrior
 11292 | D:12     | Noticed Erolcha
 11300 | D:12     | Killed Erolcha
 11341 | D:12     | Noticed Josephine
 11353 | D:12     | Killed Josephine
 11353 | D:12     | Reached skill level 10 in Fighting
 11358 | D:12     | Noticed Fannar
 11383 | D:12     | Killed Fannar
 11383 | D:12     | Reached skill level 11 in Armour
 11502 | Lair:1   | Entered Level 1 of the Lair of Beasts
 11631 | Lair:1   | Noticed a seven-headed hydra
 11637 | Lair:1   | Killed a ten-headed hydra
 11676 | Lair:1   | Noticed a five-headed hydra
 11683 | Lair:1   | Killed an eight-headed hydra
 11811 | Lair:1   | Noticed a seven-headed hydra
 11818 | Lair:1   | Killed a 11-headed hydra
 12602 | Lair:2   | Reached XP level 13. HP: 80/93 MP: 17/17
 12681 | Lair:2   | Noticed a five-headed hydra
 12689 | Lair:2   | Killed an eight-headed hydra
 12689 | Lair:2   | Reached skill level 10 in Long Blades
 13398 | Lair:3   | Learned a level 3 spell: Flight
 13762 | Lair:3   | Reached skill level 1 in Shields
 14519 | Lair:4   | Reached skill level 12 in Armour
 14943 | Lair:4   | Found a staircase to the Shoals.
 16242 | Lair:6   | Found a hole to the Spider Nest.
 16748 | Orc:1    | Entered Level 1 of the Orcish Mines
 17156 | Orc:2    | Found Klei's Magic Scroll Shop.
 17245 | Orc:2    | Noticed Blork the orc
 17251 | Orc:2    | Killed Blork the orc
 17304 | Orc:2    | Learned a level 2 spell: Repel Missiles
 18011 | Orc:3    | Noticed an orc warlord
 18250 | Orc:3    | Found a staircase to the Elven Halls.
 18461 | Orc:3    | Noticed Nergalle
 18471 | Orc:3    | Killed an orc warlord
 18475 | Orc:3    | Killed Nergalle
 18583 | Orc:3    | Found Shroomyr's Antique Armour Emporium.
 18751 | Orc:3    | Found a roughly hewn altar of Beogh.
 18751 | Orc:3    | Noticed an orc warlord
 18762 | Orc:3    | Killed an orc warlord
 18762 | Orc:3    | Reached XP level 14. HP: 87/101 MP: 18/18
 19035 | Orc:4    | Entered Level 4 of the Orcish Mines
 19170 | Orc:4    | Found a roughly hewn altar of Beogh.
 19222 | Orc:4    | Noticed Saint Roka
 19292 | Orc:3    | Bought a smoking chain mail for 285 gold pieces
 19292 | Orc:3    | Bought a translucent chain mail for 285 gold pieces
 19292 | Orc:3    | Bought a translucent chain mail for 285 gold pieces
 19292 | Orc:3    | Identified the +12 chain mail of True Grit {rN+ Dex+4 Stlth+} (You bought it in a shop on level 3 of the Orcish Mines)
 19293 | Orc:3    | Identified the +7 chain mail "Judaerea" {rElec rPois MR+} (You bought it in a shop on level 3 of the Orcish Mines)
 19294 | Orc:3    | Identified the cursed +0 chain mail of Aneamp {+Blink rC+ Str-2} (You bought it in a shop on level 3 of the Orcish Mines)
 19731 | Lair:6   | Noticed Snorg
 19740 | Lair:6   | Killed Snorg
 20051 | Lair:7   | Reached skill level 5 in Shields
 20451 | Lair:7   | Found a staircase to the Slime Pits.
 20883 | Lair:8   | Entered Level 8 of the Lair of Beasts
 20992 | Lair:8   | Reached skill level 13 in Long Blades
 21014 | Lair:8   | Found a dark tunnel.
 21038 | Volcano  | Entered a volcano
 21661 | Lair:8   | Learned a level 3 spell: Regeneration
 21802 | Lair:8   | Reached XP level 15. HP: 108/108 MP: 18/18
 22446 | Orc:4    | Killed Saint Roka
 22461 | Orc:4    | Noticed Urug
 22477 | Orc:4    | Killed Urug
 22624 | Orc:4    | Found Shriopt's Book Boutique.
 22635 | Orc:4    | Found Ghykhlyu's Antique Armour Boutique.
 22865 | Orc:4    | Found Ohausuu's Assorted Antiques.
 22957 | Orc:4    | Found Nilesh's Antique Weapon Boutique.
 22968 | Orc:4    | Bought a polished falchion for 232 gold pieces
 22968 | Orc:4    | Identified the +0 falchion "Legeod" {elec, -Cast rF+ MR++} (You bought it in a shop on level 4 of the Orcish Mines)
 22986 | Orc:4    | Bought a pitted plate armour for 1036 gold pieces
 22986 | Orc:4    | Identified the +8 plate armour "Rabu" {rF- rCorr MP+9 SInv Stlth+} (You bought it in a shop on level 4 of the Orcish Mines)
 23108 | D:12     | Noticed Gastronok
 23134 | D:12     | Killed Gastronok
 23256 | D:12     | Reached skill level 14 in Long Blades
 23515 | D:13     | Found Styn's Antique Weapon Shoppe.
 23994 | D:14     | Found Niadgh's Jewellery Shop.
 24021 | D:14     | Found Gappilerr's Weapon Shop.
 24120 | D:14     | Found Jef Ill's Antique Weapon Emporium.
 24127 | D:14     | Found Niem's General Store.
 24130 | D:14     | Bought a potion of curing for 45 gold pieces
 24130 | D:14     | Bought a scroll of teleportation for 45 gold pieces
 24476 | D:14     | Found Fuafyx's Magic Scroll Shop.
 24499 | D:14     | Found a gate to the Vaults.
 24716 | D:15     | Entered Level 15 of the Dungeon
 24745 | D:15     | Found a stormy altar of Qazlal.
 24822 | D:15     | Found Clejo's Pet Rocks.
 24956 | D:15     | Found a staircase to the Depths.
 25826 | Spider:1 | Entered Level 1 of the Spider Nest
 26199 | Spider:1 | Noticed Elizilla's ghost (powerful TrMo)
 26216 | Spider:1 | Killed Elizilla's ghost
 26426 | Spider:1 | Reached XP level 16. HP: 113/116 MP: 18/18
 26481 | Spider:1 | Noticed Agnes
 26514 | Spider:1 | Reached skill level 15 in Long Blades
 27005 | Spider:1 | Killed Agnes
 27190 | Spider:2 | Noticed Louise
 27202 | Spider:2 | Killed Louise
 27706 | Spider:3 | Noticed Donald
 27714 | Spider:3 | Killed Donald
 27737 | Spider:3 | Reached skill level 5 in Dodging
 28361 | Shoals:1 | Entered Level 1 of the Shoals
 28830 | Depths:1 | Entered Level 1 of the Depths
 28830 | Depths:1 | Found a one-way gate to the infinite horrors of the Abyss.
 28832 | Depths:1 | Found a gateway to a ziggurat.
 28832 | Depths:1 | Noticed an ancient lich
 30301 | Spider:4 | Reached skill level 16 in Long Blades
 30684 | Spider:4 | Reached XP level 17. HP: 119/123 MP: 19/19
 30817 | Spider:5 | Entered Level 5 of the Spider Nest
 32085 | Spider:5 | Got a gossamer rune of Zot
 32675 | Vaults:1 | Entered Level 1 of the Vaults
 32979 | Vaults:1 | Identified a scroll of acquirement
 33015 | Vaults:1 | Reached skill level 17 in Long Blades
 33057 | Vaults:1 | Reached skill level 10 in Shields
 33170 | Vaults:1 | HP: 2/124 [orc priest/divine providence (10)]
 33637 | Vaults:1 | Reached XP level 18. HP: 130/130 MP: 20/20
 33853 | Vaults:1 | Cast into the Abyss (a Zot trap)
 33910 | Vaults:1 | Escaped the Abyss
 34098 | D:14     | Bought a scroll of acquirement for 728 gold pieces
 34098 | D:14     | Bought a scroll of identify for 28 gold pieces
 34098 | D:14     | Bought a scroll of identify for 28 gold pieces
 34098 | D:14     | Bought a scroll of blinking for 105 gold pieces
 34098 | D:14     | Bought a scroll of teleportation for 42 gold pieces
 34101 | D:14     | Got a polished helmet
 34102 | D:14     | Identified the -3 helmet of the Evening {Int-2 Dex+3} (You acquired it on level 14 of the Dungeon)
 34253 | Vaults:2 | Found a magical portal.
 34314 | WizLab   | Entered Wucad Mu's Monastery
 34482 | WizLab   | Cast into the Abyss (drawing a card)
 34482 | Abyss:1  | Found a corrupted altar of Lugonu.
 34600 | WizLab   | Escaped the Abyss
 34639 | WizLab   | Reached XP level 19. HP: 97/135 MP: 7/21
 35240 | Depths:1 | Found a gateway to Hell.
 35277 | Depths:1 | Noticed Wiglaf
 35280 | Depths:1 | Noticed Sojobo
 36047 | Shoals:1 | Reached skill level 10 in Dodging
 36592 | Shoals:3 | Found a frozen archway.
 36616 | IceCv    | Entered an ice cave
 36693 | IceCv    | Reached skill level 18 in Long Blades
 36762 | IceCv    | Lost mutation: Your magical capacity is low (-10% MP). [potion of cure mutation]
 36762 | IceCv    | Lost mutation: You have large cloven feet. [potion of cure mutation]
 36763 | IceCv    | Gained mutation: You have sharp toenails. [potion of beneficial mutation]
 37140 | IceCv    | Got a distressingly furry hat
 37141 | IceCv    | Identified the +2 hat "Nacsos" {rElec rPois rF- rN++ Stlth-} (You found it in an ice cave)
 37540 | Shoals:5 | Entered Level 5 of the Shoals
 37540 | Shoals:5 | Noticed Ilsuiw
 37556 | Shoals:5 | Killed Ilsuiw
 37556 | Shoals:5 | Reached skill level 15 in Armour
 37910 | Shoals:5 | Reached XP level 20. HP: 139/144 MP: 24/24
 37936 | Shoals:5 | HP: 9/216 [merfolk impaler/trident of piercing (12)]
 37937 | Shoals:5 | Mangled by a merfolk impaler

Action                   |  1- 3 |  4- 6 |  7- 9 | 10-12 | 13-15 | 16-18 | 19-21 || total
-------------------------+-------+-------+-------+-------+-------+-------+-------++-------
Melee: Short sword       |   111 |    16 |   403 |       |       |       |       ||   530
       Dagger            |       |   187 |   516 |       |       |       |       ||   703
       Scimitar          |       |       |    15 |   597 |  1818 |  1527 |   680 ||  4637
       Falchion          |       |       |       |   350 |       |       |       ||   350
       Long sword        |       |       |       |       |    44 |       |       ||    44
       Hand axe          |       |       |       |       |    20 |       |       ||    20
 Abil: Evoke Flight      |       |       |       |       |     1 |       |       ||     1
Evoke: Wand              |       |       |       |     3 |     5 |     4 |       ||    12
       Stone of tremors  |       |       |       |       |     2 |     2 |     1 ||     5
       Phantom mirror    |       |       |       |       |     1 |       |       ||     1
       Deck              |       |       |       |       |       |     4 |       ||     4
  Use: Scroll            |       |       |     6 |    16 |    20 |    21 |     8 ||    71
       Potion            |       |       |     1 |    15 |    26 |    22 |     9 ||    73
 Stab: Distracted        |       |     1 |       |       |       |       |       ||     1
       Invisible         |       |       |       |     2 |     7 |    25 |       ||    34
       Petrified         |       |       |       |       |       |     2 |       ||     2
       Held in net/web   |       |       |       |       |       |     2 |       ||     2
  Eat: Corpse            |    11 |    13 |    26 |    23 |    22 |    19 |    20 ||   134
